 Dungeon Crawl Stone Soup version 0.30-a0-1016-gfb0d676c02 (webtiles) character file.

Game seed: 12127356283636287941

3950 oldmanjim the Skirmisher (level 10, -3/80 (84) HPs)
             Began as a Minotaur Hunter on Mar 21, 2023.
             Was an Initiate of Okawaru.
             Succumbed to a hornet's poison
             ... on level 8 of the Dungeon on Apr 6, 2023.
             The game lasted 00:28:39 (7415 turns).

oldmanjim the Skirmisher (Minotaur Hunter)          Turns: 7415, Time: 00:28:40

HP:   -3/80 (84)    AC:  6    Str: 17    XL:     10   Next: 2%
MP:   1/10          EV: 14    Int:  8    God:    Okawaru [......]
Gold: 165           SH:  0    Dex: 15    Spells: 9/9 levels left

rFire   + + .      SeeInvis +    b - +1 spear "Vyzxefill" {drain, Will++}
rCold   + . .      Faith    .    (no shield)
rNeg    . . .      Spirit   +    D - +3 leather armour {rF+}
rPois   .          Reflect  .    (helmet restricted)
rElec   .          Rampage  .    n - scarf {rC+ rF+}
rCorr   .                        (no gloves)
Will    ++...                    (no boots)
Stlth   +                        r - amulet of guardian spirit
HPRegen 0.33/turn                d - ring of see invisible
MPRegen 0.12/turn                (no ring)

@: lethally poisoned (-3 -> -27), marked, slowed, lightly drained, very slow
A: horns 2, retaliatory headbutt
a: Renounce Religion


You were on level 8 of the Dungeon.
You worshipped Okawaru.
Okawaru was noncommittal.
You visited 2 branches of the dungeon, and saw 9 of its levels.

You collected 360 gold pieces.
You spent 195 gold pieces at shops.

Inventory:

Hand Weapons
 a - a +0 shortbow
 b - the +1 spear "Vyzxefill" (weapon) {drain, Will++}
   (You found it on level 2 of the Dungeon)

   Will:      It greatly increases your willpower.
 H - a +5 scimitar
Missiles
 g - 24 stones
 p - 9 poisoned darts
 y - 2 boomerangs
 A - 2 throwing nets
Armour
 n - a scarf of resistance (worn)
 D - a +3 leather armour of fire resistance (worn)
 F - a +0 kite shield
Jewellery
 d - a ring of see invisible (left hand)
 r - an amulet of guardian spirit (around neck)
Wands
 o - a wand of light (6)
 G - a wand of iceblast (6)
Scrolls
 c - a scroll of silence {unknown}
 f - a scroll of enchant armour {unknown}
 h - 2 scrolls of fog {unknown}
 i - 2 scrolls of blinking
 k - 4 scrolls of fear
 l - 6 scrolls of teleportation
 q - 2 scrolls of vulnerability
 t - a scroll of immolation
 u - 2 scrolls of poison
 v - a scroll of noise {unknown}
 x - a scroll of amnesia {unknown}
 E - a scroll of identify
 K - a scroll of magic mapping {unknown}
Potions
 e - 5 potions of curing
 j - 2 potions of lignification
 m - 5 potions of heal wounds
 s - a potion of mutation {unknown}
 w - 2 potions of might
 z - a potion of magic
 B - a potion of berserk rage {unknown}
 C - 2 potions of flight
 I - 2 potions of brilliance
 J - a potion of attraction


   Skills:
 + Level 6.4 Fighting
 + Level 14.1 Ranged Weapons
 - Level 3.0 Armour
 - Level 5.0 Dodging
 - Level 0.7 Stealth
 + Level 1.5 Invocations


You had 9 spell levels left.
You didn't know any spells.
Your spell library contained the following spells:

 Spells                   Type           Power      Damage    Failure   Level
 Sandblast                Erth           0%         2d4       45%         1
 Passwall                 Tmut/Erth      0%         N/A       61%         2
 Hailstorm                Conj/Ice       0%         3d3       83%         3
 Ignite Poison            Fire/Tmut/Pois 0%         N/A       83%         3
 Stone Arrow              Conj/Erth      0%         3d7       83%         3
 Ice Form                 Ice/Tmut       0%         N/A       99%         4
 Leda's Liquefaction      Hex/Erth       0%         N/A       99%         4
 Sticky Flame             Conj/Fire      0%         2d3       99%         4
 Borgnjor's Vile Clutch   Necr/Erth      0%         N/A       100%        5
 Lee's Rapid Deconstruct  Erth           0%         3d4*      100%        5
 Statue Form              Tmut/Erth      0%         N/A       100%        6
 Ignition                 Fire           0%         3d3       100%        8
 Animate Dead             Necr           Unusable   N/A       N/A         4
 Death Channel            Necr           Unusable   N/A       N/A         6
 Simulacrum               Ice/Necr       Unusable   N/A       N/A         6
 Malign Gateway           Summ/Tloc      Unusable   N/A       N/A         7
 Summon Horrible Things   Summ           Unusable   N/A       N/A         8

Dungeon Overview and Level Annotations

Branches:
Dungeon (8/15)             Temple (1/1) D:7
   Lair: D:8-11

Altars:
Ashenzari
Cheibriados
Dithmenos
Elyvilon
Fedhas
Kikubaaqudgha
Makhleb
Nemelex Xobeh
Okawaru
Qazlal
Ru
Sif Muna
Trog
Uskayaw
Vehumet
Wu Jian
Xom
Yredelemnul
Zin
The Shining One

Shops:
D:6 [   D:7 !


Innate Abilities, Weirdness & Mutations

You have a pair of horns on your head.
You reflexively headbutt those who attack you in melee.


Message History

The hound is severely wounded.
The hound barely misses you. You furiously retaliate!
You headbutt the hound.
You kill the hound!
Okawaru accepts your kill.
You closely miss the hornet. You headbutt the hornet!
The hornet is moderately wounded.
The hornet stings you!
You are poisoned.
You feel yourself slow down. The hornet stings you.
You feel as though you will be slow longer.
The wight hits you from afar with a +3 spear.
You hit the hornet.
The hornet is moderately wounded.
You feel very sick. The hornet stings you!
You suddenly lose the ability to move!
The hornet barely misses you.
The wight hits you from afar with a +3 spear.
You feel sick.
A killer bee comes into view.
The hornet stings you!
You are more poisoned.
You feel as though you will be slow longer.
The wight hits you from afar with a +3 spear.
The hornet stings you.
You feel as though you will be slow longer.
You feel very sick. The hornet stings you!
* * * LOW HITPOINT WARNING * * *
You are more poisoned.
You feel as though you will be slow longer.
The wight hits you from afar with a +3 spear!
* * * LOW HITPOINT WARNING * * *
You feel drained.
* * * LOW HITPOINT WARNING * * *
You can move again.
Blink to where?
Press: ? - help, Dir - move target A killer bee comes into view.
As you read the scroll of blinking, it crumbles to dust.
You die...

#......$..
#.........
#.....$...
#.....<...
..........
#.#[......
##.########
#####y.#
#..@..# #.....#
.
#....z#####....
#....yy§.......
###########?.>.
#


You could see a hornet, 2 killer bees and a wight.

Vanquished Creatures
  Pikel (D:7)
  Psyche (D:8)
  Grinder (D:4)
  Eustachio (D:5)
  A steam dragon (D:6)
  2 black bears (D:5)
  4 ice beasts
  2 sky beasts
  An ogre (D:2)
  A centaur (D:6)
  3 phantoms
  3 bullfrogs
  A scorpion (D:6)
  2 gnoll sergeants (D:6)
  6 wights
  A howler monkey (D:4)
  A gnoll bouda (D:6)
  4 hounds
  5 jellies
  3 orc priests (D:5)
  Jessica (D:2)
  4 iguanas
  2 orc wizards (D:5)
  2 sleepcaps
  15 gnolls (D:6)
  4 adders
  2 white imps
  27 orcs
  6 ball pythons
  3 bats
  4 endoplasms
  2 giant cockroaches (D:1)
  9 goblins
  4 hobgoblins
  2 jackals (D:3)
  6 kobolds
  3 quokkas
  4 frilled lizards
  4 rats
148 creatures vanquished.

Vanquished Creatures (others)
  A plant (D:1)
1 creature vanquished.

Grand Total: 149 creatures vanquished

Notes
Turn   | Place    | Note
-------+----------+-------------------------------------------
     0 | D:1      | oldmanjim the Minotaur Hunter began the quest for the Orb.
     0 | D:1      | Reached XP level 1. HP: 18/18 MP: 0/0
   143 | D:1      | Reached XP level 2. HP: 25/25 MP: 1/1
   560 | D:2      | Noticed Jessica
   563 | D:2      | Killed Jessica
   564 | D:2      | Reached XP level 3. HP: 20/31 MP: 2/2
   708 | D:2      | Identified the +1 spear "Vyzxefill" {drain, Will++}
   801 | D:2      | Found a faded altar of an unknown god.
   849 | D:2      | Noticed an ogre
   857 | D:2      | Killed an ogre
   858 | D:2      | Reached skill level 5 in Ranged Weapons
   858 | D:2      | Reached XP level 4. HP: 23/40 MP: 3/3
  1380 | D:3      | Reached XP level 5. HP: 46/46 MP: 4/4
  1485 | D:3      | Reached skill level 6 in Ranged Weapons
  1507 | D:3      | Found an ancient bone altar of Kikubaaqudgha.
  1569 | D:3      | Found a sparkling altar of Nemelex Xobeh.
  1633 | D:3      | Noticed an ice beast
  1648 | D:3      | Killed an ice beast
  1996 | D:3      | Reached skill level 7 in Ranged Weapons
  2222 | D:4      | Reached XP level 6. HP: 52/52 MP: 5/5
  2535 | D:4      | Noticed Grinder
  2538 | D:4      | Paralysed by Grinder for 4 turns
  2547 | D:4      | Paralysed by Grinder for 3 turns
  2562 | D:4      | Killed Grinder
  2563 | D:4      | Reached skill level 8 in Ranged Weapons
  2563 | D:4      | Reached XP level 7. HP: 8/59 MP: 1/6
  2926 | D:5      | Entered Level 5 of the Dungeon
  2994 | D:5      | Reached skill level 9 in Ranged Weapons
  3264 | D:5      | Reached skill level 10 in Ranged Weapons
  3313 | D:5      | Reached XP level 8. HP: 20/67 MP: 2/7
  3749 | D:5      | Reached skill level 5 in Fighting
  4056 | D:5      | Noticed Eustachio
  4082 | D:5      | Killed Eustachio
  4128 | D:5      | Upgraded the game from 0.30-a0-920-g7493c07aab to
                  | 0.30-a0-956-gcec3b41aec
  4468 | D:6      | Reached skill level 5 in Dodging
  4544 | D:6      | Reached skill level 11 in Ranged Weapons
  4631 | D:6      | Reached skill level 1 in Armour
  5245 | D:6      | Reached XP level 9. HP: 49/75 MP: 6/8
  5557 | D:6      | Found Qifoepas's Antique Armour Emporium.
  5787 | D:6      | Reached skill level 12 in Ranged Weapons
  6044 | D:6      | Upgraded the game from 0.30-a0-956-gcec3b41aec to
                  | 0.30-a0-1016-gfb0d676c02
  6162 | D:7      | Noticed Pikel
  6169 | D:7      | Killed Pikel
  6295 | D:7      | Reached skill level 13 in Ranged Weapons
  6636 | D:7      | Found Foxzott's Distillery.
  6643 | D:7      | Bought a potion of flight for 39 gold pieces
  6643 | D:7      | Bought a potion of brilliance for 52 gold pieces
  6643 | D:7      | Bought a potion of attraction for 39 gold pieces
  6643 | D:7      | Bought a potion of might for 52 gold pieces
  6643 | D:7      | Bought a potion of degeneration for 13 gold pieces
  6792 | D:7      | Found a staircase to the Ecumenical Temple.
  7072 | Temple   | Entered the Ecumenical Temple
  7170 | Temple   | Became a worshipper of Warmaster Okawaru
  7224 | D:8      | Noticed Psyche
  7233 | D:8      | Killed Psyche
  7234 | D:8      | Reached skill level 14 in Ranged Weapons
  7270 | D:8      | Reached skill level 1 in Invocations
  7406 | D:8      | Reached XP level 10. HP: 79/81 MP: 8/10
  7412 | D:8      | Paralysed by a hornet for 3 turns
  7414 | D:8      | HP: 4/80 [wight/+3 spear (3)]
  7415 | D:8      | Succumbed to a hornet's poison

Illustrated notes

Levels and vault maps discovered:
D:1:      minmay_arrival_stone_box, layout_basic, serial_bayou_crossing
D:2:      layout_loops_ring, hellmonk_ecumenical_altar_crossroads,
          small_statue_intersection, uniq_jessica
D:3:      layout_basic, mainiacjoe_overflow_catch_the_wave,
          minmay_misc_feat_five
D:4:      layout_basic, uniq_grinder
D:5:      layout_loops_ring, moated_statue, uniq_eustachio
D:6:      layout_loops_ring, serial_shops,
          nicolae_shop_competitors_out_of_business
D:7:      layout_gridville, minmay_temple_entry_crystal_x, serial_shops,
          kennysheep_little_box, uniq_pikel
D:8:      layout_rooms, nicolae_hepliaklqana_monster_ancestors,
          erik_lair_island, uniq_psyche
Temple:   compressed_dpeg_circular_temple

Skill      XL: |  1  2  3  4  5  6  7  8  9 |
---------------+----------------------------+-----
Fighting       | 3 4 6 |  6.4
Dodging        | 3 5 |  5.0
Ranged Weapons | 5 7 8 10 11 14 | 14.1
Armour         | 2 3 |  3.0
Invocations    | 1 |  1.5
Stealth        | |  0.7

Action                     |  1- 3 |  4- 6 |  7- 9 | 10-12 || total
---------------------------+-------+-------+-------+-------++-------
  Melee: Spear             |       |     6 |   126 |     5 ||   137
         Headbutt          |       |     1 |    20 |     1 ||    22
         Punch             |       |       |     1 |       ||     1
   Fire: Shortbow          |    53 |   120 |   327 |       ||   500
    Use: Scroll            |       |       |     9 |     1 ||    10
 Armour: Leather armour    |     1 |    14 |    41 |       ||    56
  Dodge: Dodged            |     3 |    26 |   152 |     5 ||   186

Table legend: (Time is in decaauts)
 A = Elapsed time spent in this place.
 B = Non-inter-level travel time spent in this place.
 C = Inter-level travel time spent in this place.
 D = Time resting spent in this place.
 E = Time spent auto-exploring this place.
 F = Levels seen in this place.
 G = Mean time per level.
                   A        B        C        D        E       F      G
               +--------+--------+--------+--------+--------+-----+--------+
         Total |   7438 |   6972 |    466 |    609 |   5266 |   9 |  826.4 |
       Dungeon |   7307 |   6878 |    429 |    609 |   5188 |   8 |  913.4 |
        Temple |    131 |     94 |     37 |      0 |     78 |   1 |  131.0 |
               +--------+--------+--------+--------+--------+-----+--------+

Top non-repeatable levels by time:
     D:5: 1822 daAuts
     D:6: 1451 daAuts
     D:3: 1004 daAuts
     D:7: 992 daAuts
     D:2: 813 daAuts
     D:1: 576 daAuts
     D:4: 575 daAuts
  Temple: 131 daAuts
     D:8: 72 daAuts
